 Dungeon Crawl Stone Soup version 0.25-a0-339-gb37b713d4c (webtiles) character file.

Game seed: 14684341803993950660, levelgen mode: deterministic

97 Mesmaeker13 the Firebug (level 4, -5/24 HPs)
             Began as a Deep Elf Fire Elementalist on Dec 18, 2019.
             Slain by a worker ant (8 damage)
             ... on level 4 of the Dungeon on Dec 28, 2019.
             The game lasted 00:07:08 (4639 turns).

Mesmaeker13 the Firebug (DEFE)                      Turns: 4639, Time: 00:07:09

Health: -5/24      AC:  2    Str:  6    XL:     4   Next: 42%
Magic:  9/12       EV: 14    Int: 20    God:
Gold:   123        SH:  0    Dex: 15    Spells: 10/11 levels left

rFire    . . .     SeeInvis .   d - +0 dagger
rCold    + . .     Gourm    .   (no shield)
rNeg     . . .     Faith    .   a - +0 robe
rPois    .         Spirit   .   (no helmet)
rElec    .         Reflect  .   (no cloak)
rCorr    .         Harm     .   (no gloves)
MR       .....                  (no boots)
Stlth    ++........             (no amulet)
HPRegen  0.08/turn              k - ring of protection from cold
MPRegen  0.13/turn              (no ring)

@: no status effects
A: no striking features
a: no special abilities


You were on level 4 of the Dungeon.
You were not hungry.

You visited 1 branch of the dungeon, and saw 4 of its levels.

You collected 123 gold pieces.

Inventory:

Hand Weapons
 d - a +0 dagger (weapon)
Missiles
 f - 45 poisoned darts
 l - 2 atropa-tipped darts (quivered)
 n - a throwing net
Armour
 a - a +0 robe (worn)
 t - a +0 buckler
Jewellery
 k - a ring of protection from cold (left hand)
Scrolls
 e - a scroll of amnesia {unknown}
 h - 2 scrolls of fear {unknown}
 j - 2 scrolls of magic mapping {unknown}
 m - 4 scrolls of remove curse
 o - a scroll of enchant weapon {unknown}
 p - a scroll of teleportation
 q - 2 scrolls of enchant armour {unknown}
 s - a scroll of identify
Potions
 b - a potion of curing {unknown}
 g - 3 potions of flight
 i - a potion of resistance
 r - a potion of lignification {unknown}
Comestibles
 c - 11 rations


   Skills:
 - Level 3.5 Dodging
 - Level 2.4 Stealth
 + Level 0.0 Shields
 + Level 4.0 Spellcasting
 + Level 2.4 Conjurations
 + Level 4.0 Fire Magic


You had 10 spell levels left.
You knew the following spells:

 Your Spells              Type           Power        Failure   Level  Hunger
a - Foxfire               Conj/Fire      ###.         3%          1    None

Your spell library contained the following spells:

 Spells                   Type           Power        Failure   Level  Hunger
 Conjure Flame            Conj/Fire      ###.....     10%         3    ###....
 Inner Flame              Hex/Fire       ##......     17%         3    ###....
 Sticky Flame             Conj/Fire      ###.....     32%         4    ####...
 Fireball                 Conj/Fire      ###.......   67%         5    ######.


Dungeon Overview and Level Annotations

Branches:
Dungeon (4/15)
 Temple: D:4-7

Altars:


Message History

The worker ant is heavily wounded.
The foxfire hits the worker ant.
The worker ant is severely wounded.
The worker ant bites you. The worker ant bites you!
Casting: Foxfire (safe; 3% risk of failure)
Confirm with . or Enter, or press ? or * to list all spells.
You conjure some foxfire!
The worker ant bites you!
* * * LOW HITPOINT WARNING * * *
The foxfire hits the worker ant.
The worker ant is severely wounded.
The foxfire hits the worker ant.
The worker ant is severely wounded.
The worker ant barely misses you.
Unknown command.
Casting: Foxfire (safe; 3% risk of failure)
Confirm with . or Enter, or press ? or * to list all spells.
You conjure some foxfire!
The worker ant bites you.
* * * LOW HITPOINT WARNING * * *
The worker ant bites you!
You die...

...(.. .. ...... .#
...... .# ......##.
# ......... ##.#
........#######...#
.....^..##.........
.....>..##v....#
#######.a@v.<..#
#.##.>...#
#....##.......#
#.#####.....#.... #
#.....# #.. #.....#
. #######


You could see a worker ant.

Vanquished Creatures
  An iguana (D:2)
  A worm (D:3)
  2 dart slugs
  7 orcs (D:3)
  3 giant cockroaches
  8 goblins
  8 hobgoblins
  A quokka (D:2)
  5 bats (D:2)
  3 frilled lizards (D:2)
  A jackal skeleton (D:3)
  8 kobolds
  6 rats
54 creatures vanquished.

Vanquished Creatures (others)
  79 foxfires
79 creatures vanquished.

Grand Total: 133 creatures vanquished

Notes
Turn   | Place    | Note
-------+----------+-------------------------------------------
     0 | D:1      | Mesmaeker13 the Deep Elf Fire Elementalist began the quest
                  | for the Orb.
     0 | D:1      | Reached XP level 1. HP: 10/10 MP: 6/6
   841 | D:1      | Reached XP level 2. HP: 15/15 MP: 6/8
  2586 | D:2      | Reached XP level 3. HP: 17/19 MP: 10/10
  3195 | D:2      | Found a faded altar of an unknown god.
  3363 | D:2      | Reached XP level 4. HP: 16/24 MP: 9/11
  3522 | D:3      | Upgraded the game from 0.25-a0-294-gea9b1ad378 to
                  | 0.25-a0-339-gb37b713d4c
  4639 | D:4      | Slain by a worker ant

Levels and vault maps discovered:
D:1:      lightli_iron_boxes, layout_basic
D:2:      layout_rooms, chequers_ecumenical_altar_simple, serial_forest,
          infiniplex_forest_lined_room_2, infiniplex_forest_lined_1,
          infiniplex_forest_end_3, infiniplex_forest_corner_1,
          infiniplex_forest_corner_1, infiniplex_forest_lined_3
D:3:      layout_loops_cross
D:4:      layout_rooms, serial_shops, kennysheep_mini_moat, abandoned_shop

Skill      XL: |  1  2  3  4 |
---------------+-------------+-----
Dodging        | 3 |  3.5
Conjurations   | 2 |  2.4
Fire Magic     | 4 |  4.0
Spellcasting   | 4 |  4.0
Stealth        | |  2.4

Action                   |  1- 3 |  4- 6 || total
-------------------------+-------+-------++-------
Melee: Dagger            |    93 |     8 ||   101
Throw: Dart              |    41 |     1 ||    42
 Cast: Foxfire           |    21 |    43 ||    64
  Use: Scroll            |     3 |     1 ||     4
 Stab: Sleeping          |     2 |       ||     2
  Eat: Chunk             |     7 |     3 ||    10
       Ration            |       |     1 ||     1
Armor: Robe              |    22 |     2 ||    24
Dodge: Dodged            |    91 |    35 ||   126

Table legend:
 A = Non-vault XP
 B = Vault XP
 C = Vault XP percentage of total XP
 D = Non-vault monster count
 E = Vault monster count
 F = Vault count percentage of total count
                 A         B        C        D         E       F
            +---------+---------+-------+---------+---------+-------
      Total |     139 |       0 |   0.0 |      54 |       0 |   0.0
            +---------+---------+-------+---------+---------+-------
        D:1 |      26 |       0 |   0.0 |      15 |       0 |   0.0
        D:2 |      74 |       0 |   0.0 |      24 |       0 |   0.0
        D:3 |      39 |       0 |   0.0 |      15 |       0 |   0.0
            +---------+---------+-------+---------+---------+-------
